Map: Orbital Shipyard

Players

Somnium

  • Race: Protoss Protoss
  • League: Platinum

MorN - Winner!

  • Race: Terran Terran
  • League: Master

VOD

Have the link to the VOD?

Description

Time

  • Played on: Nov. 20, 2015, 3:01 p.m.
  • Length: 11:43
Show
View Real Time Build Order
Export as new Build Order

Somnium Protoss 

Build Orders:  

Get SALT Encoding   

  12  0:01  Probe (Chrono Boost)  
  13  0:11  Probe (Chrono Boost)  
  14  0:17  Pylon  
  14  0:22  Probe (Chrono Boost)  
  15  0:36  Probe (Chrono Boost)  
  15  0:38  Gateway  
  16  0:45  Assimilator  
  16  0:50  Probe (Chrono Boost)  
  17  1:00  Pylon  
  17  1:03  Probe (Chrono Boost)  
  18  1:16  Probe (Chrono Boost)  
  19  1:28  Probe (Chrono Boost)  
  19  1:29  Cybernetics Core  
  20  1:34  Assimilator  
  20  1:38  Gateway  
  20  1:42  Probe (Chrono Boost)  
  21  1:52  Probe (Chrono Boost)  
  22  2:03  Probe (Chrono Boost)  
  22  2:05  Warp Gate (Chrono Boost)  
  22  2:06  Adept (Chrono Boost)  
  25  2:28  Nexus  
  25  2:41  Probe, Adept (Chrono Boost)  
  28  2:45  Pylon  
  28  2:53  Probe  
  28  2:55  Adept (Chrono Boost)  
  30  3:14  Robotics Facility  
  30  3:29  Probe  
  31  3:34  Pylon  
  31  3:36  Pylon  
  31  3:39  Probe  
  31  3:41  Probe  
  33  3:48  Mothership Core  
  35  4:01  Probe  
  36  4:04  Observer (Chrono Boost)  
  36  4:08  Probe  
  38  4:10  Stalker x2  
  42  4:17  Probe  
  42  4:18  Probe  
  44  4:28  Gateway  
  44  4:29  Probe x2, Forge  
  46  4:34  Observer (Chrono Boost)  
  47  4:40  Probe  
  47  4:48  Sentry x2  
  51  4:55  Immortal (Chrono Boost)  
  55  5:04  Probe  
  55  5:05  Protoss Ground Weapons Level 1 (Chrono Boost)  
  55  5:06  Probe  
  56  5:09  Assimilator  
  57  5:14  Assimilator  
  57  5:15  Pylon  
  57  5:18  Pylon  
  57  5:28  Probe  
  58  5:31  Immortal (Chrono Boost)  
  61  5:39  Probe  
  61  5:40  Probe  
  61  5:41  Robotics Bay  
  63  6:05  Probe  
  63  6:06  Pylon  
  63  6:07  Probe  
  63  6:09  Pylon  
  65  6:16  Zealot  
  65  6:17  Zealot x2  
  71  6:19  Probe, Robotics Facility  
  71  6:22  Pylon  
  72  6:28  Disruptor (Chrono Boost)  
  72  6:30  Extended Thermal Lance (Chrono Boost)  
  75  6:40  Photon Cannon  
  75  6:43  Probe  
  75  6:45  Probe  
  77  6:48  Photon Cannon  
  77  6:54  Probe  
  76  6:58  Sentry  
  79  7:05  Colossus (Chrono Boost)  
  85  7:13  Probe  
  86  7:19  Pylon  
  89  7:23  Protoss Ground Armor Level 1 (Chrono Boost)  
  89  7:24  Disruptor (Chrono Boost)  
  89  7:25  Zealot  
  91  7:33  Probe  
  92  7:40  Pylon  
  92  7:45  Colossus (Chrono Boost)  
  92  7:50  Probe, Photon Cannon  
  93  7:57  Gateway  
  99  8:04  Stalker x2  
  85  8:23  Stalker  
  86  8:30  Colossus  
  92  8:43  Probe  
  92  8:45  Stalker x2  
  97  9:07  Probe  
  98  9:16  Stalker x3  
  103  9:31  Zealot  
  105  9:44  Disruptor (Chrono Boost)  
  99  9:47  Disruptor (Chrono Boost)  
  105  9:59  Stalker  
  107  10:00  Stalker  
  107  10:04  Nexus  
  104  10:19  Warp Prism (Chrono Boost)  
  104  10:27  Pylon  
  107  10:43  Disruptor (Chrono Boost)  
  87  10:50  Disruptor (Chrono Boost)  
  68  10:57  Zealot x2  
  50  11:04  Zealot  
  50  11:11  Zealot  
  45  11:18  Zealot x2  
  45  11:22  Probe  
  45  11:23  Probe  
Show
View Real Time Build Order
Export as new Build Order

MorN Terran - Winner!

Build Orders: Cyclone Opening, MMM Bio 

Get SALT Encoding   

  12  0:00  SCV  
  13  0:13  SCV  
  14  0:17  Supply Depot  
  14  0:25  SCV  
  15  0:39  SCV, Barracks  
  16  0:45  Refinery  
  16  0:52  SCV  
  17  1:04  SCV  
  18  1:17  SCV  
  19  1:29  Orbital Command  
  19  1:30  Marine  
  20  1:42  Command Center  
  20  1:52  Factory  
  20  1:56  Marine  
  20  2:00  SCV  
  22  2:12  SCV  
  23  2:26  Supply Depot  
  23  2:36  Factory Tech Lab  
  23  2:39  Barracks  
  23  2:47  SCV, Marine  
  25  2:55  Orbital Command  
  25  2:58  Cyclone  
  25  3:00  SCV  
  25  3:05  Marine  
  30  3:17  SCV, Bunker  
  30  3:21  SCV  
  30  3:24  Refinery  
  31  3:29  SCV  
  32  3:39  Stimpack, Marine x2  
  34  3:45  SCV, Engineering Bay  
  35  3:49  SCV  
  36  3:56  Supply Depot  
  36  3:57  SCV  
  36  4:01  SCV  
  36  4:02  Marine x2  
  40  4:08  Barracks  
  41  4:10  SCV  
  41  4:13  Factory Reactor  
  41  4:14  Factory Tech Lab  
  41  4:15  SCV  
  42  4:18  Missile Turret  
  42  4:22  Command Center, SCV  
  43  4:30  SCV  
  44  4:34  Barracks Reactor  
  44  4:36  SCV  
  44  4:37  Missile Turret  
  44  4:38  Supply Depot  
  45  4:44  Starport  
  45  4:47  SCV  
  45  4:48  Factory Reactor  
  45  4:50  SCV  
  44  4:57  Marine  
  44  4:59  SCV  
  46  5:01  Terran Infantry Weapons Level 1, Refinery  
  46  5:03  SCV, Combat Shields  
  46  5:04  Marine  
  48  5:11  SCV, Supply Depot  
  49  5:14  Marine x2  
  49  5:15  SCV, Marine  
  53  5:22  Marine  
  53  5:23  SCV  
  53  5:24  Refinery  
  55  5:29  SCV  
  55  5:33  Medivac  
  55  5:35  SCV  
  59  5:36  Medivac  
  59  5:39  Orbital Command  
  59  5:41  SCV, Supply Depot  
  62  5:43  Marine x2  
  62  5:44  Marauder  
  62  5:49  Supply Depot, SCV  
  67  5:53  SCV  
  67  5:54  Factory Reactor  
  68  6:00  Supply Depot  
  68  6:01  SCV, Marauder  
  71  6:04  SCV  
  71  6:05  SCV  
  71  6:07  Marauder, Marine x2  
  71  6:11  Concussive Shells  
  77  6:13  Medivac  
  77  6:14  Medivac  
  77  6:15  Orbital Command  
  77  6:17  SCV  
  82  6:22  Supply Depot  
  82  6:27  Marine x2  
  84  6:34  Barracks  
  84  6:35  Barracks  
  84  6:38  SCV  
  85  6:40  Starport  
  85  6:41  SCV  
  85  6:42  Factory Tech Lab  
  85  6:44  SCV  
  87  6:50  Supply Depot, Engineering Bay  
  87  6:54  Armory  
  87  6:55  Terran Infantry Armor Level 1  
  87  7:01  Marauder x2, Marine x2  
  93  7:03  SCV x3  
  93  7:07  Refinery  
  96  7:10  Refinery  
  96  7:11  Liberator  
  96  7:13  Supply Depot  
  96  7:15  Liberator  
  96  7:18  Marine  
  96  7:22  Barracks Tech Lab, Marauder x2  
  101  7:23  Barracks Reactor  
  101  7:24  Marine  
  105  7:34  SCV  
  105  7:36  Marine  
  110  7:37  Liberator  
  110  7:38  SCV x2  
  110  7:42  Supply Depot  
  112  7:44  Marine x2  
  112  7:45  Marauder x2  
  112  7:46  SCV  
  112  7:50  SCV  
  120  7:53  Siege Tank  
  120  7:55  SCV  
  127  7:58  SCV  
  127  8:00  Marine x3  
  127  8:03  Marauder  
  133  8:06  Liberator, Marauder  
  133  8:07  Liberator  
  133  8:10  Marauder, Marine  
  137  8:17  Marine  
  137  8:18  Marine  
  133  8:24  Marauder, Liberator  
  141  8:38  Supply Depot  
  141  8:39  Supply Depot  
  141  8:41  SCV x2, Supply Depot, Marine  
  141  8:42  Liberator, Marauder  
  149  8:52  Supply Depot  
  149  8:54  Supply Depot  
  149  8:59  SCV x2, Marine  
  149  9:00  Marauder  
  149  9:01  SCV, Siege Tank, Marauder  
  163  9:06  Medivac x2  
  167  9:11  SCV x2  
  167  9:13  SCV, Marine  
  167  9:14  Marine, Marauder  
  174  9:21  Marauder  
  174  9:24  SCV  
  176  9:33  Siege Tank  
  179  9:45  Marauder, Marine x2  
  179  9:59  Medivac x2  
  183  10:09  Marine x3  
  183  10:10  Marauder, Marine  
  183  10:13  Barracks  
  183  10:14  Barracks  
  189  10:15  Supply Depot x2, Barracks  
  189  10:17  Marauder  
  189  10:19  Marauder  
  180  10:29  Siege Tank, Medivac x2  
  180  10:31  Marauder  
  175  10:50  Marine x3  
  175  10:51  Marauder x2, Marine  
  175  10:52  Marauder  
  168  11:07  Viking, Medivac  
  168  11:08  Viking x2, Marine x4  
  180  11:13  Barracks Reactor, Barracks Tech Lab x2, Marauder x2  
  180  11:14  Marauder  
  180  11:15  Supply Depot  
  183  11:20  Command Center  
  183  11:23  Command Center  
Tags
 
Add a new tag
Caveats
  • Supply blocks, unpowered buildings, or Contaminate may cause inaccurate times.
  • Supply counts are checked every 10 seconds.